 Dungeon Crawl Stone Soup version 0.30-a0-272-gf98c3da03f (webtiles) character file.

Game seed: 6387911841124949007

13 lunkers the Magician (level 2, 0/23 (24) HPs)
             Began as a Meteoran Wanderer on Oct 16, 2022.
             Was a Follower of Ru.
             Slain by an adder (1 damage)
             ... on level 2 of the Dungeon.
             The game lasted 00:02:20 (396 turns).

lunkers the Magician (Meteoran Wanderer)             Turns: 396, Time: 00:02:21

HP:   0/23 (24)     AC:  2    Str: 13    XL:     2   Next: 70%
MP:   8/8           EV: 11    Int: 14    God:    Ru [*.....]
Gold: 72            SH:  0    Dex: 12    Spells: 9/9 levels left

rFire   . . .      SeeInvis .    a - +0 club
rCold   . . .      Faith    .    (no shield)
rNeg    . . .      Spirit   .    c - +0 robe
rPois   .          Reflect  .    (no helmet)
rElec   .          Harm     .    (no cloak)
rCorr   .          Rampage  .    (no gloves)
Will    .....                    (no boots)
Stlth   +.........               (no amulet)
HPRegen 0.23/turn                (no ring)
MPRegen 0.11/turn                (no ring)

@: brilliant, lethally poisoned (0 -> -3), glowing, lightly drained
A: sense surroundings 1, disrupted magic 1, otherworldly, glowing, explore regen
a: Renounce Religion


You were on level 2 of the Dungeon.
You worshipped Ru.
Ru was aware of your devotion.
You visited 1 branch of the dungeon, and saw 2 of its levels.

You collected 72 gold pieces.

Inventory:

Hand Weapons
 a - a +0 club (weapon)
 j - a +0 long sword
Armour
 c - a +0 robe (worn)
Scrolls
 b - a scroll of fear
 d - 2 scrolls of teleportation
 e - a scroll of enchant armour {unknown}
 k - a scroll of identify {unknown}
Potions
 f - a potion of might {unknown}
 g - a potion of curing {unknown}
 h - 2 potions of brilliance
 i - a potion of attraction {unknown}


   Skills:
 - Level 2.1 Fighting
 + Level 2.7 Maces & Flails
 - Level 4.0 Spellcasting
 - Level 3.6 Hexes
 - Level 1.2 Evocations


You had 9 spell levels left.
You didn't know any spells.
Your spell library contained the following spells:

 Spells                   Type           Power      Damage    Failure   Level
 Slow                     Hex            76%        N/A       7%          1
 Confusing Touch          Hex            19%        N/A       19%         3
 Beastly Appendage        Tmut           8%         N/A       26%         1
 Foxfire                  Conj/Fire      16%        2x1d4     26%         1
 Call Canine Familiar     Summ           4%         N/A       58%         3
 Gell's Gravitas          Tloc           4%         N/A       58%         3
 Teleport Other           Tloc           4%         N/A       58%         3
 Petrify                  Tmut/Erth      4%         N/A       92%         4
 Metabolic Englaciation   Hex/Ice        5%         N/A       97%         5
 Dispersal                Tloc           2%         N/A       100%        6
 Statue Form              Tmut/Erth      2%         N/A       100%        6


Dungeon Overview and Level Annotations

Branches:
Dungeon (2/15) Zot: 777

Altars:
Ru


Innate Abilities, Weirdness & Mutations

You passively map a small area around you.
Your casting is slightly disrupted.
You are easily found by Zot.
You glow in the dark.
You regain HP and MP as you explore.


Message History

You are no longer poisoned.
The adder completely misses you. The adder closely misses you.
You barely miss the adder.
The adder is lightly wounded.
The adder barely misses you.
You miss the adder.
The adder is lightly wounded.
The adder bites you but does no damage. x2
Unknown command.
You barely miss the adder.
The adder is lightly wounded.
The adder bites you but does no damage.
Unknown command.
You miss the adder.
The adder is lightly wounded.
The adder bites you.
* * * LOW HITPOINT WARNING * * *
The adder barely misses you.
Unknown command.
Search for what [? for help]? mace You closely miss the adder.
The adder is lightly wounded.
The adder bites you.
* * * LOW HITPOINT WARNING * * *
You are lethally poisoned!
The adder poisons you!
You hit the adder.
The adder is heavily wounded.
* * * LOW HITPOINT WARNING * * *
You feel sick. The adder closely misses you. x2
You completely miss the adder.
The adder is heavily wounded.
* * * LOW HITPOINT WARNING * * *
You feel sick. The adder bites you.
* * * LOW HITPOINT WARNING * * *
It was a potion of brilliance.
You feel clever all of a sudden.
* * * LOW HITPOINT WARNING * * *
You feel sick. The adder bites you.
You die...

############ #....~..~~~#
##.##.~####^#
#..~~..#.8#~# *
#.~.#~##~~#~# *## ,
#.~##~~~~##~# .. *
#..#.~~.~~~.#######.#...
..~+..~~.#~.............,
.#~+...._#~~####@##..## ,
.#~+~~...#~.# #S#
..~#~~~~~~~.# #.# , *
.#.##.~~.~~~####.# ,
.#..#~##~.#...##.# ,
.###.~.~.8#.#.##.# * .#
##.~~##~~#.#... , * .#
#.~~.~.~#.#..# .#
#.....###.. *


You could see an adder.

Vanquished Creatures
  3 hobgoblins (D:1)
  2 kobolds (D:1)
  A quokka (D:1)
  2 ball pythons (D:1)
  2 bats (D:1)
  A goblin (D:1)
  A spectral goblin (D:2)
12 creatures vanquished.

Notes
Turn   | Place    | Note
-------+----------+-------------------------------------------
     0 | D:1      | lunkers the Meteoran Wanderer began the quest for the Orb.
     0 | D:1      | lunkers set off with the following items: a +0 club, a
                  | scroll of fear, a +0 robe, a scroll of teleportation; and
                  | the following spells available to memorise: Slow, Confusing
                  | Touch, Beastly Appendage, Foxfire, Call Canine Familiar,
                  | Teleport Other.
     0 | D:1      | Reached XP level 1. HP: 17/17 MP: 6/6
    92 | D:1      | Reached skill level 1 in Maces & Flails
   186 | D:1      | Reached XP level 2. HP: 10/24 MP: 8/8
   335 | D:2      | Found a faded altar of an unknown god.
   359 | D:2      | Prayed at the altar of an unknown god.
   359 | D:2      | Became a worshipper of Ru the Awakened
   363 | D:2      | Gained mutation: Your casting is slightly disrupted. [Ru
                  | sacrifice]
   363 | D:2      | Reached * piety under Ru
   395 | D:2      | HP: 1/23 [adder (2)]
   396 | D:2      | Slain by an adder

Illustrated notes

Levels and vault maps discovered:
D:1:      shiori_shiawase, layout_rooms, grunt_decor_resistance,
          dreamdust_wishing_well, minmay_domino_2
D:2:      layout_loops_ring, basic_altar,
          dreamdust_ecumenical_altar_drowned_temple, fountainhead,
          minmay_fractal_squares_5, uniq_natasha, uniq_jessica

Skill      XL: |  1  2 |
---------------+-------+-----
Maces & Flails | 1 2 |  2.7
Fighting       | |  2.1
Spellcasting   | |  4.0
Hexes          | |  3.6
Evocations     | |  1.2

Action                   || total
-------------------------++-------
Melee: Club              ||    92
       Punch             ||     3
Invok: Sacrifice Essence ||     1
  Use: Potion            ||     1
Armor: Robe              ||    45
Dodge: Dodged            ||    84

Table legend: (Time is in decaauts)
 A = Elapsed time spent in this place.
 B = Non-inter-level travel time spent in this place.
 C = Inter-level travel time spent in this place.
 D = Time resting spent in this place.
 E = Time spent auto-exploring this place.
 F = Levels seen in this place.
 G = Mean time per level.
                   A        B        C        D        E       F      G
               +--------+--------+--------+--------+--------+-----+--------+
         Total |    421 |    414 |      7 |      0 |    217 |   2 |  210.5 |
       Dungeon |    421 |    414 |      7 |      0 |    217 |   2 |  210.5 |
               +--------+--------+--------+--------+--------+-----+--------+

Top non-repeatable levels by time:
     D:1: 318 daAuts
     D:2: 103 daAuts
